 Dungeon Crawl Stone Soup version 0.27-a0-1140-g099f9bb0e8 (webtiles) character file.

Game seed: 8840767088253637722

2506 Ijustatesigmund the Chopper (level 9, -3/64 HPs)
             Began as an Octopode Fighter on May 10, 2021.
             Was an Initiate of Cheibriados.
             Slain by a necrophage (7 damage)
             ... on level 7 of the Dungeon.
             The game lasted 00:16:23 (10859 turns).

Ijustatesigmund the Chopper (Octopode Fighter)     Turns: 10859, Time: 00:16:23

Health: -3/64      AC:  1    Str: 13 (16) XL:     9   Next: 53%
Magic:  9/10       EV: 11    Int: 12 (14) God:    Cheibriados [......]
Gold:   198        SH: 10    Dex: 10 (13) Spells: 7/8 levels left

rFire    . . .     SeeInvis .   a - +1 war axe
rCold    + . .     Faith    .   b - +1 kite shield
rNeg     + . .     Spirit   .   (helmet restricted)
rPois    .         Reflect  .   (no amulet)
rElec    .         Harm     .   f - ring of willpower
rCorr    +         Rampage  .   h - ring of wizardry
Will     +....                  i - ring of positive energy
Stlth    ++........             o - ring of resist corrosion
HPRegen  0.20/turn              (no ring)
MPRegen  0.12/turn              (no ring)
                                (no ring)
                                (no ring)

@: very slow
A: almost no armour, amphibious, 8 rings, camouflage 1, gelatinous body 1,
(nimble swimmer 1), tentacles, cold resistance 1, mutation resistance 1
a: Renounce Religion, Bend Time


You were on level 7 of the Dungeon.
You worshipped Cheibriados.
Cheibriados was noncommittal.
You visited 2 branches of the dungeon, and saw 8 of its levels.
You also visited: Sewer.

You collected 198 gold pieces.

Inventory:

Hand Weapons
 a - a +1 war axe (weapon)
Missiles
 l - a curare-tipped dart (quivered)
 u - 2 throwing nets
Armour
 b - a +1 kite shield (worn)
Jewellery
 f - a ring of willpower (left tentacle)
 h - a ring of wizardry (right tentacle)
 i - a ring of positive energy (on tentacle)
 m - a ring of ice
 o - a ring of resist corrosion (on tentacle)
Wands
 p - a wand of mindburst (17)
Scrolls
 c - a scroll of fog
 d - 2 scrolls of fear
 j - a scroll of identify
 n - a scroll of teleportation {unknown}
 s - a scroll of amnesia {unknown}
Potions
 e - 2 potions of magic
 g - 2 potions of attraction
 k - a potion of mutation
 r - a potion of degeneration
 t - a potion of cancellation


   Skills:
 + Level 7.4 Fighting
 + Level 7.6 Axes
 - Level 4.0 Dodging
 + Level 4.8 Shields
 - Level 3.4 Conjurations
 - Level 3.5 Fire Magic
 + Level 2.6 Invocations


You had 7 spell levels left.
You knew the following spells:

 Your Spells              Type           Power      Damage    Failure   Level
a - Foxfire               Conj/Fire      32%        2x1d5     12%         1

Your spell library contained the following spells:

 Spells                   Type           Power      Damage    Failure   Level
 Conjure Flame            Conj/Fire      8%         6-21      32%         3
 Apportation              Tloc           0%         N/A       43%         1
 Inner Flame              Hex/Fire       4%         N/A       54%         3
 Sticky Flame             Conj/Fire      8%         2d3       71%         4
 Lesser Beckoning         Tloc           0%         N/A       78%         3
 Tukima's Dance           Hex            0%         N/A       78%         3
 Fireball                 Conj/Fire      4%         3d4       95%         5
 Alistair's Intoxication  Tmut/Pois      0%         N/A       100%        5
 Invisibility             Hex            0%         N/A       100%        6


Dungeon Overview and Level Annotations

Branches:
Dungeon (7/15)             Temple (1/1) D:4           Sewer (visited)

Altars:
Ashenzari
Cheibriados
Dithmenos
Elyvilon
Fedhas
Gozag
Kikubaaqudgha
Makhleb
Nemelex Xobeh
Okawaru
Qazlal
Sif Muna
Trog
Uskayaw
Vehumet
Wu Jian
Xom
Yredelemnul
The Shining One

Annotations:
D:5 1 runed translucent door, crabbyslav's ghost, amateur DsFi


Innate Abilities, Weirdness & Mutations

You cannot wear most types of armour.
You are amphibious.
You can wear up to eight rings at the same time.
Your skin changes colour to match your surroundings (Stealth+).
Your rubbery body absorbs attacks. (AC +1, EV +1)
((You are camouflaged near water. (Stealth+)))
You have tentacles for arms and can constrict up to eight enemies at once.
Your flesh is cold resistant. (rC+)
You are somewhat resistant to further mutation.


Message History

You hit the necrophage. Your grab misses the necrophage.
The necrophage is moderately damaged.
You hit the gnoll.
Your attack snaps the gnoll out of its fear.
The necrophage barely misses you.
You closely miss the necrophage. Your grab misses the necrophage.
The necrophage is moderately damaged.
The necrophage hits you.
* * * LOW HITPOINT WARNING * * *
You block the necrophage's attack.
You feel better. The gnoll hits you with a +0 club.
* * * LOW HITPOINT WARNING * * *
Cornered, the hound turns to fight!
The necrophage hits you but does no damage.
As you read the scroll of fear, it crumbles to dust.
You assume a fearsome visage.
The white imp is unaffected.
The hound looks frightened!
The necrophage is unaffected.
The gnoll looks frightened!
Cornered, the bullfrog turns to fight!
You block the necrophage's attack.
Casting: Foxfire (safe; 11% risk of failure)
Confirm with . or Enter, or press ? or * to list all spells.
You conjure some foxfire!
The white imp gestures at you. The puff of frost hits you. You resist.
* * * LOW HITPOINT WARNING * * *
The necrophage completely misses you.
You closely miss the white imp. Your grab misses the white imp.
Your squeeze misses the white imp. You closely miss the necrophage.
The foxfire hits the white imp.
The white imp is burned terribly!
The white imp is moderately wounded.
The foxfire hits the necrophage but does no damage.
The necrophage is moderately damaged.
The white imp gestures at you. The puff of frost misses you.
The necrophage misses you.
Cornered, the gnoll turns to fight!
It was a potion of degeneration.
There was something very wrong with that liquid.
You feel weakened.
You feel dopey.
You feel clumsy. The white imp barely misses you. The necrophage hits you!
You die...

#..##.....##..
#######.<).....# ..##
...... #... ###.######
### .._... ##.. ... ..##
...... #.... ####
#..##.....##..#.. #
##..##...##..##.# .##
###..## ##..###.####.g.##
......###.....$.n......g#
###.#..#...##...@5F....g.
#.....#...##.#.###.....#
....##..........# ..(##
....###..#.#..### .##
..... #..#.#..# #
...........#..#
.....####..#...# ....
...#...# # .#.......


You could see a necrophage, a bullfrog, 3 gnolls and a white imp.

Vanquished Creatures
  Sigmund (D:3)
  A water moccasin (D:6)
  An ice beast (D:6)
  3 necrophages
  4 ogres
  A centaur (D:6)
  2 phantoms (D:4)
  3 kobold brigands
  2 bullfrogs
  2 scorpions
  4 killer bees (D:5)
  A jelly (D:4)
  A hound (D:4)
  2 orc priests
  Terence (D:3)
  Natasha (twice) (D:3)
  3 iguanas
  2 orc wizards
  A mummy (D:5)
  8 gnolls
  14 adders
  2 river rats
  2 shadow imps
  A white imp (D:6)
  An ufetubus (D:5)
  3 worms
  2 dart slugs
  16 orcs
  14 endoplasms
  3 giant cockroaches
  7 goblins
  5 hobgoblins
  5 jackals
  10 kobolds
  3 quokkas
  8 ball pythons
  7 bats
  3 frilled lizards
  A hobgoblin zombie (D:5)
  A kobold zombie (D:5)
  2 orc zombies (D:5)
  15 rats
170 creatures vanquished.

Vanquished Creatures (others)
  21 foxfires
21 creatures vanquished.

Grand Total: 191 creatures vanquished

Notes
Turn   | Place    | Note
-------+----------+-------------------------------------------
     0 | D:1      | Ijustatesigmund the Octopode Fighter began the quest for
                  | the Orb.
     0 | D:1      | Reached XP level 1. HP: 16/16 MP: 1/1
   449 | D:1      | Reached XP level 2. HP: 12/21 MP: 2/2
   700 | D:1      | Found a faded altar of an unknown god.
  1354 | D:1      | Reached XP level 3. HP: 26/26 MP: 3/3
  2233 | D:3      | Noticed Terence
  2242 | D:3      | Killed Terence
  2243 | D:3      | Reached XP level 4. HP: 23/31 MP: 4/4
  3065 | D:2      | Reached XP level 5. HP: 19/36 MP: 5/5
  3541 | D:3      | Found a burning altar of Makhleb.
  3651 | D:3      | Noticed Sigmund
  3662 | D:3      | HP: 1/37 [Sigmund/+0 scythe (4)]
  3665 | D:3      | Killed Sigmund
  3666 | D:3      | Reached XP level 6. HP: 10/43 MP: 6/6
  4121 | D:3      | Noticed Natasha
  4130 | D:3      | Killed Natasha
  4136 | D:3      | Noticed Natasha
  4145 | D:3      | Killed Natasha
  4775 | D:4      | Reached skill level 5 in Axes
  4775 | D:4      | Reached XP level 7. HP: 26/49 MP: 7/7
  5028 | D:4      | Reached skill level 5 in Fighting
  5212 | D:4      | HP: 2/50 [jackal (3)]
  5316 | D:4      | Found a glowing drain.
  5327 | Sewer    | Entered a sewer
  6295 | Sewer    | Learned a level 1 spell: Foxfire
  6604 | Sewer    | Reached XP level 8. HP: 33/57 MP: 8/8
  6928 | D:4      | Found a staircase to the Ecumenical Temple.
  6964 | Temple   | Entered the Ecumenical Temple
  7109 | D:4      | Reached skill level 1 in Conjurations
  7109 | D:4      | Reached skill level 1 in Fire Magic
  8090 | D:4      | Found a sparkling altar of Nemelex Xobeh.
  8300 | D:5      | Entered Level 5 of the Dungeon
  8304 | D:5      | Found a runed translucent door.
  8304 | D:5      | Noticed crabbyslav's ghost (amateur DsFi)
  8569 | D:5      | Gained mutation: You are somewhat resistant to further
                  | mutation. [potion of mutation]
  8569 | D:5      | Gained mutation: Your flesh is cold resistant. (rC+)
                  | [potion of mutation]
  9073 | D:5      | Reached XP level 9. HP: 63/63 MP: 9/9
  9725 | Temple   | Became a worshipper of Cheibriados the Contemplative
  9934 | D:6      | Reached skill level 1 in Invocations
 10050 | D:6      | Found a shadowy altar of Dithmenos.
 10175 | D:6      | Found a blossoming altar of Fedhas.
 10729 | D:6      | Found a basalt altar of Yredelemnul.
 10828 | D:7      | Found a glowing golden altar of the Shining One.
 10859 | D:7      | Slain by a necrophage

Illustrated notes

Levels and vault maps discovered:
D:1:      saegor_arrival_simple_b, layout_basic, serial_rivers,
          chequers_serial_rivers_small_3, chequers_serial_rivers_micro_c,
          chequers_serial_rivers_large_b, chequers_serial_rivers_micro_e,
          chequers_serial_rivers_small_3, basic_ecumenical_altar
D:2:      layout_rooms
D:3:      layout_loops_ring, overflow_temple_1_default, serial_rivers,
          chequers_serial_rivers_small_b, chequers_serial_rivers_micro_a,
          chequers_serial_rivers_room_a, chequers_serial_rivers_micro_a,
          uniq_natasha, uniq_terence, uniq_sigmund
D:4:      layout_basic, nemelex_spade_bored_becter, temple_doors_e,
          portal_sewer_entry_e, kennysheep_generic_room_5
D:5:      layout_basic, hellmonk_ghost_happy_afterlife, minmay_mini_ossuary
D:6:      layout_rooms, marbit_many_paths, jmf_multi_god_temple
D:7:      layout_loops_ring, nicolae_ru_great_annihilating_truth,
          tso_metal_star, uniq_harold
Temple:   nicolae_temple_god_jail

Skill      XL: |  1  2  3  4  5  6  7  8  9 |
---------------+----------------------------+-----
Axes           | 3 4 5 6 7 |  7.6
Fighting       | 4 5 6 7 |  7.4
Dodging        | 4 |  4.0
Shields        | 4 |  4.8
Conjurations   | 3 |  3.4
Fire Magic     | 3 |  3.5
Invocations    | 2 |  2.6

Action                   |  1- 3 |  4- 6 |  7- 9 || total
-------------------------+-------+-------+-------++-------
Melee: War axe           |    57 |    86 |   234 ||   377
       Constrict         |    13 |    19 |    58 ||    90
       Tentacles         |     8 |    19 |    35 ||    62
Throw: Dart              |       |       |     3 ||     3
       Throwing net      |       |       |     2 ||     2
 Cast: Foxfire           |       |       |    14 ||    14
  Use: Scroll            |     3 |     3 |     7 ||    13
       Potion            |       |     3 |     6 ||     9
 Stab: Sleeping          |     8 |     7 |    15 ||    30
Armor: Skin              |     8 |     6 |     9 ||    23
Dodge: Dodged            |    18 |    37 |   115 ||   170
Block: Kite shield       |    19 |    38 |   122 ||   179

Table legend: (Time is in decaauts)
 A = Elapsed time spent in this place.
 B = Non-inter-level travel time spent in this place.
 C = Inter-level travel time spent in this place.
 D = Time resting spent in this place.
 E = Time spent auto-exploring this place.
 F = Levels seen in this place.
 G = Mean time per level.
                   A        B        C        D        E       F      G
               +--------+--------+--------+--------+--------+-----+--------+
         Total |  11232 |  10896 |    336 |   3991 |   5494 |   9 | 1248.0 |
       Dungeon |   9542 |   9243 |    299 |   3237 |   4852 |   7 | 1363.1 |
        Temple |    117 |     80 |     37 |      0 |     57 |   1 |  117.0 |
         Sewer |   1573 |   1573 |      0 |    754 |    585 |   1 | 1573.0 |
               +--------+--------+--------+--------+--------+-----+--------+

Top non-repeatable levels by time:
     D:4: 2027 daAuts
     D:1: 1793 daAuts
     D:3: 1722 daAuts
   Sewer: 1573 daAuts
     D:5: 1447 daAuts
     D:2: 1322 daAuts
     D:6: 1118 daAuts
  Temple: 117 daAuts
     D:7: 109 daAuts
